[Event "Titled Tuesday Blitz March 21 Late 2023"]
[White "Bashirli, Nail"]
[Black "Gholami Orimi, Mahdi"]
[WhiteFideId "13406809"]
[BlackFideId "12558486"]
[WhiteElo "2338"]
[BlackElo "2363"]
[Result "0-1"]
[Round "06"]
[TimeControl "180+2"]
[Date "2023.03.21"]
[WhiteClock "0:00:05"]
[BlackClock "0:00:14"]

1. e4 c5 2. Nf3 d6 3. Nc3 Nc6 4. d4 cxd4 5. Nxd4 Nf6 6. Bg5 e6 7. Qd2 Bd7 8. Ndb5 Qa5 9. O-O-O a6 10. Nxd6+ Bxd6 11. Bxf6 gxf6 12. Qxd6 O-O-O 13. Be2 Rhf8 14. g3 f5 15. Kb1 fxe4 16. Nxe4 Ne5 17. Qe7 Bc6 18. Nd6+ Kb8 19. Rhe1 Bd5 20. c4 Bc6 21. f4 Ng6 22. Qf6 Rxd6 23. Rxd6 Qxe1+ 24. Bd1 Be4+ 25. Ka1 Qe3 26. a4 Qc1+ 27. Ka2 Qxc4+ 28. Bb3 Qc5 29. Rd4 Bc2 30. Bxc2 Qxc2 31. a5 Qc7 32. h4 Ne7 33. Rd3 Qxa5+ 34. Ra3 Qc7 35. Rc3 Nd5 0-1


[Site "https://www.chess.com"]

[Event "Titled Tuesday Blitz March 21 Late 2023"]
[White "Indjic, Aleksandar"]
[Black "Fernandez Guillen, Ernesto J."]
[WhiteFideId "911925"]
[BlackFideId "3512428"]
[WhiteElo "2614"]
[BlackElo "2423"]
[Result "1-0"]
[Round "06"]
[TimeControl "180+2"]
[Date "2023.03.21"]
[WhiteClock "0:01:37"]
[BlackClock "0:00:03"]

1. d4 Nf6 2. c4 g6 3. Nc3 d6 4. Nf3 Bg7 5. h3 O-O 6. g4 b6 7. e4 Bb7 8. Bd3 e5 9. d5 a5 10. Be3 Na6 11. Nd2 Nc5 12. Bc2 c6 13. a3 b5 14. dxc6 Bxc6 15. cxb5 Bb7 16. Bxc5 dxc5 17. Nc4 Qe7 18. Qd6 Rfe8 19. O-O-O Bh6+ 20. Kb1 Bf4 21. Qxe7 Rxe7 22. a4 Kg7 23. f3 h5 24. Bb3 hxg4 25. hxg4 Nh7 26. Nb6 Rae8 27. Bd5 Ng5 28. Rd3 Bxd5 29. Ncxd5 Ra7 30. Nc4 Ne6 31. b6 Ra6 32. Rb3 Nd4 33. Rb5 Rb8 34. Nc7 Nxf3 35. Nxa6 Rd8 36. b7 1-0


[Site "https://www.chess.com"]

[Event "Titled Tuesday Blitz March 21 Late 2023"]
[White "Zamorano, Jorge"]
[Black "Zierk, Steven"]
[WhiteFideId "173770"]
[BlackFideId "2034255"]
[WhiteElo "2331"]
[BlackElo "2494"]
[Result "0-1"]
[Round "06"]
[TimeControl "180+2"]
[Date "2023.03.21"]
[WhiteClock "0:00:53"]
[BlackClock "0:00:50"]

1. e4 e6 2. d3 d5 3. Nd2 Nf6 4. Ngf3 c5 5. g3 Be7 6. Bg2 O-O 7. O-O Nc6 8. Re1 b6 9. e5 Nd7 10. Nf1 f6 11. exf6 Bxf6 12. c3 Re8 13. d4 Bb7 14. Bf4 Nf8 15. Ne5 Nxe5 16. Bxe5 Bxe5 17. Rxe5 Qd7 18. h4 Qd6 19. f4 Ng6 20. Re3 Ne7 21. Bh3 Nf5 22. Bxf5 exf5 23. Re5 Rxe5 24. fxe5 Qg6 25. Qf3 f4 26. Qxf4 Rf8 27. Qe3 Bc8 28. Re1 Bf5 29. Nd2 cxd4 30. cxd4 Be6 31. Rf1 Rc8 32. Rf2 Rc1+ 33. Kh2 Qg4 34. Qf4 Qh3# 0-1


[Site "https://www.chess.com"]

[Event "Titled Tuesday Blitz March 21 Late 2023"]
[White "Papasimakopoulos, Alexandros"]
[Black "Dardha, Daniel"]
[WhiteFideId "4244125"]
[BlackFideId "240990"]
[WhiteElo "2359"]
[BlackElo "2581"]
[Result "1-0"]
[Round "06"]
[TimeControl "180+2"]
[Date "2023.03.21"]
[WhiteClock "0:00:55"]
[BlackClock "0:00:37"]

1. d4 Nf6 2. c4 c5 3. d5 a6 4. a4 e6 5. Nc3 exd5 6. cxd5 g6 7. Nf3 Bg7 8. Bf4 d6 9. h3 O-O 10. e3 Re8 11. Nd2 Nh5 12. Bh2 Qh4 13. Nc4 Nd7 14. Bxd6 Ndf6 15. g3 Qg5 16. g4 Bxg4 17. hxg4 Nxg4 18. Rg1 f5 19. Be2 Bxc3+ 20. bxc3 Re4 21. Bxc5 Qh4 22. Bxg4 fxg4 23. Nd6 Qh2 24. Nxe4 Qxg1+ 25. Kd2 Qg2 26. Qh1 Qxh1 27. Rxh1 Rd8 28. c4 b5 29. axb5 axb5 30. Kc3 bxc4 31. Kxc4 Kf7 32. Rg1 Ra8 33. Rxg4 Ra4+ 34. Bb4 Ng7 35. Nd6+ Kg8 36. e4 Nh5 37. e5 Ra1 38. e6 Rc1+ 39. Bc3 Nf6 40. Rd4 Kf8 41. Ne4 Ng4 42. d6 Ne5+ 43. Kd5 Nf3 44. e7+ Kf7 45. Ng5+ Nxg5 46. Rf4+ 1-0


[Site "https://www.chess.com"]

[Event "Titled Tuesday Blitz March 21 Late 2023"]
[White "Drygalov, Andrey"]
[Black "Brodowski, Piotr"]
[WhiteFideId "24171735"]
[BlackFideId "1124480"]
[WhiteElo "2471"]
[BlackElo "2351"]
[Result "1-0"]
[Round "06"]
[TimeControl "180+2"]
[Date "2023.03.21"]
[WhiteClock "0:00:09"]
[BlackClock "0:00:06"]

1. e4 g6 2. d4 Bg7 3. Nc3 d6 4. f4 Nf6 5. Nf3 O-O 6. Bd3 Bg4 7. h3 Bxf3 8. Qxf3 Nc6 9. Be3 e5 10. dxe5 dxe5 11. f5 Nd4 12. Qf2 c5 13. g4 b5 14. g5 c4 15. gxf6 Bxf6 16. O-O-O cxd3 17. Rxd3 Bg5 18. Nd5 Rc8 19. c3 b4 20. f6 Bxe3+ 21. Qxe3 Kh8 22. Kb1 bxc3 23. Rxc3 Rxc3 24. Qxc3 Qd7 25. Rc1 h5 26. Qg3 Qe6 27. Qa3 Rg8 28. Qxa7 Qxh3 29. Qa6 Qf3 30. Nc3 h4 31. a4 h3 32. a5 h2 33. Qf1 Qxf1 34. Rxf1 g5 35. Rh1 Kh7 36. Rxh2+ Kg6 37. Nd5 g4 38. Ne7+ Kxf6 39. Nxg8+ Kg5 40. a6 g3 41. Rg2 Kf4 42. a7 Nc6 43. a8=Q 1-0


[Site "https://www.chess.com"]

[Event "Titled Tuesday Blitz March 21 Late 2023"]
[White "Seemann, Jakub"]
[Black "Plat, Vojtech"]
[WhiteFideId "21874697"]
[BlackFideId "325740"]
[WhiteElo "2364"]
[BlackElo "2542"]
[Result "0-1"]
[Round "06"]
[TimeControl "180+2"]
[Date "2023.03.21"]
[WhiteClock "0:00:07"]
[BlackClock "0:00:23"]

1. d4 d6 2. Nf3 Nf6 3. c4 g6 4. Nc3 Bg7 5. g3 O-O 6. Bg2 c5 7. O-O Nc6 8. d5 Na5 9. Nd2 a6 10. Qc2 Rb8 11. b3 b5 12. Bb2 e6 13. e4 bxc4 14. bxc4 exd5 15. cxd5 Ng4 16. Rab1 Ne5 17. Ba1 Bd7 18. Rfd1 Qc7 19. h3 Rxb1 20. Rxb1 Rb8 21. Bf1 Rxb1 22. Qxb1 c4 23. Nd1 Bb5 24. Bc3 Nb7 25. Qa1 f5 26. a4 Be8 27. Nxc4 Nxc4 28. Bxg7 Qxg7 29. Qxg7+ Kxg7 30. Bxc4 Nc5 31. a5 fxe4 32. Nc3 Kf6 33. Ne2 Ke5 34. Nf4 Kd4 35. Be2 Bb5 36. Kf1 Bxe2+ 37. Kxe2 Nb3 38. Ne6+ Kxd5 39. Nc7+ Ke5 40. Nxa6 Nxa5 41. Nb4 d5 42. Nc6+ Nxc6 0-1


[Site "https://www.chess.com"]

[Event "Titled Tuesday Blitz March 21 Late 2023"]
[White "Ehlvest, Jaan"]
[Black "Moussard, Jules"]
[WhiteFideId "4500016"]
[BlackFideId "642908"]
[WhiteElo "2442"]
[BlackElo "2610"]
[Result "0-1"]
[Round "06"]
[TimeControl "180+2"]
[Date "2023.03.21"]
[WhiteClock "0:00:05"]
[BlackClock "0:00:05"]

1. e4 c5 2. Nf3 e6 3. g3 Nc6 4. Bg2 Nf6 5. d3 d6 6. O-O Be7 7. Re1 O-O 8. c3 e5 9. h3 Re8 10. d4 exd4 11. cxd4 Bf8 12. Nc3 Bd7 13. dxc5 Qb8 14. Bf4 Ne5 15. Rc1 Bc6 16. Nd5 Nh5 17. Nxe5 dxe5 18. Be3 g6 19. b4 Qd8 20. Qb3 Ng7 21. b5 Bxd5 22. exd5 Nf5 23. d6 Rb8 24. Rcd1 b6 25. Bc6 Re6 26. Bd5 Nxe3 27. Rxe3 Rf6 28. Rf3 bxc5 29. Bxf7+ Kg7 30. d7 Rxb5 31. Qxb5 Rxf3 32. Bd5 Rf6 33. Bc6 Bd6 34. Qc4 h5 35. h4 Qf8 36. Rd2 Bc7 37. Qe4 Kh6 38. Ba4 Bb6 39. Qc4 e4 40. Qxe4 c4 41. Kh1 c3 42. Re2 Qd6 43. f4 Qc5 44. Kh2 Qg1+ 45. Kh3 Qf1+ 46. Qg2 Qxg2+ 47. Kxg2 Rd6 48. Kf3 Rd3+ 49. Ke4 Rd4+ 50. Ke5 Rxa4 0-1


[Site "https://www.chess.com"]

[Event "Titled Tuesday Blitz March 21 Late 2023"]
[White "Naroditsky, Daniel"]
[Black "Sanal, Vahap"]
[WhiteFideId "2026961"]
[BlackFideId "6300545"]
[WhiteElo "2633"]
[BlackElo "2606"]
[Result "1-0"]
[Round "06"]
[TimeControl "180+2"]
[Date "2023.03.21"]
[WhiteClock "0:01:27"]
[BlackClock "0:01:21"]

1. d4 Nf6 2. Nc3 d5 3. Bf4 e6 4. Nb5 Na6 5. e3 c6 6. Nc3 Bd6 7. Nf3 O-O 8. Bxd6 Qxd6 9. Bxa6 bxa6 10. Na4 Ne4 11. Nd2 Nxd2 12. Qxd2 e5 13. O-O-O Rb8 14. Nc5 Bf5 15. Qc3 Rfe8 16. Nxa6 Rb6 17. Nc5 e4 18. b3 Qg6 19. Rhg1 Bc8 20. Kb2 Qf6 21. Qd2 Rb5 22. Kb1 Bf5 23. a4 Rbb8 24. g4 Bg6 25. Nd7 Qd6 26. Nxb8 Rxb8 27. Qc3 h6 28. h4 f6 29. Kb2 Qh2 30. Qxc6 Qxf2 31. g5 fxg5 32. Qxg6 1-0


[Site "https://www.chess.com"]

[Event "Titled Tuesday Blitz March 21 Late 2023"]
[White "Bartel, Mateusz"]
[Black "Bluebaum, Matthias"]
[WhiteFideId "1112635"]
[BlackFideId "24651516"]
[WhiteElo "2521"]
[BlackElo "2638"]
[Result "0-1"]
[Round "06"]
[TimeControl "180+2"]
[Date "2023.03.21"]
[WhiteClock "0:00:03"]
[BlackClock "0:00:08"]

1. g4 d5 2. Bg2 c6 3. h3 h5 4. g5 e5 5. d3 Ne7 6. Nc3 Ng6 7. h4 Bg4 8. Nf3 Bd6 9. e4 d4 10. Ne2 c5 11. Ng3 Nf4 12. Bxf4 exf4 13. Ne2 Nc6 14. Nd2 Qe7 15. f3 Be6 16. Nc4 Bc7 17. a4 f6 18. gxf6 Qxf6 19. Kf2 O-O-O 20. b3 g5 21. hxg5 Qxg5 22. Qg1 Rdg8 23. Qh2 h4 24. Bh3 Qg3+ 25. Qxg3 hxg3+ 26. Kg2 Bxh3+ 27. Rxh3 Rxh3 28. Kxh3 Rh8+ 29. Kg4 Rg8+ 30. Kh3 Nb4 31. Rc1 Kd7 32. Ng1 Rh8+ 33. Kg4 Rh2 34. Nh3 Rxc2 35. Rd1 g2 36. e5 Ke6 37. Kxf4 Re2 38. Kg3 Bxe5+ 39. Nxe5 Kxe5 40. f4+ Kf5 41. Nf2 Rd2 42. Rg1 Nxd3 43. Ng4 Re2 44. Nh6+ Ke4 45. f5 Re3+ 46. Kg4 Nf2+ 47. Kg5 Nh3+ 48. Kg6 Nxg1 49. f6 Rg3+ 50. Kf7 Rf3 51. Ke6 Nh3 52. f7 Ng5+ 0-1


[Site "https://www.chess.com"]

[Event "Titled Tuesday Blitz March 21 Late 2023"]
[White "Pakleza, Zbigniew"]
[Black "Matlakov, Maxim"]
[WhiteFideId "1119290"]
[BlackFideId "4168003"]
[WhiteElo "2410"]
[BlackElo "2666"]
[Result "0-1"]
[Round "06"]
[TimeControl "180+2"]
[Date "2023.03.21"]
[WhiteClock "0:00:02"]
[BlackClock "0:00:52"]

1. d4 d5 2. Bf4 Bf5 3. e3 e6 4. Nf3 Nf6 5. Nbd2 Bd6 6. Bg3 h6 7. Bd3 Bxd3 8. cxd3 O-O 9. Qb3 b6 10. Rc1 c6 11. Ne5 Bxe5 12. dxe5 Nfd7 13. d4 c5 14. O-O Nc6 15. Nf3 Rc8 16. h3 c4 17. Qc3 b5 18. a3 a5 19. Rfe1 b4 20. axb4 axb4 21. Qc2 b3 22. Qd2 Qb6 23. Bh4 Nb4 24. Be7 Nd3 25. Bxf8 Rxf8 26. Ra1 Nxe1 27. Qxe1 Qb7 28. Qa5 Nb8 29. Nd2 Nc6 30. Qa4 Nb4 31. Qa5 Nd3 32. Qc3 Nb4 33. e4 Na2 34. Qe3 Rc8 35. exd5 Qxd5 36. Ne4 Rd8 37. Nd6 Rb8 38. Qf4 c3 39. Qxf7+ Kh8 40. Ne8 Qb7 41. Qf8+ Kh7 42. bxc3 Nxc3 43. Rc1 b2 44. Rxc3 b1=Q+ 45. Kh2 Qf5 46. Nf6+ gxf6 47. Qd6 Qf4+ 48. Rg3 Rg8 49. exf6 Qxd6 0-1


[Site "https://www.chess.com"]

[Event "Titled Tuesday Blitz March 21 Late 2023"]
[White "Sargsyan, Shant"]
[Black "Albornoz Cabrera, Carlos Daniel"]
[WhiteFideId "13306766"]
[BlackFideId "3518736"]
[WhiteElo "2628"]
[BlackElo "2501"]
[Result "1-0"]
[Round "06"]
[TimeControl "180+2"]
[Date "2023.03.21"]
[WhiteClock "0:01:16"]
[BlackClock "0:00:13"]

1. c4 Nf6 2. g3 g6 3. Bg2 Bg7 4. Nc3 O-O 5. Nf3 d6 6. O-O e5 7. d3 Nc6 8. Rb1 a5 9. a3 Re8 10. Bg5 h6 11. Bxf6 Bxf6 12. Nd2 Bg7 13. b4 axb4 14. axb4 Nd4 15. b5 h5 16. e3 Ne6 17. Nd5 h4 18. Ne4 f5 19. Nec3 hxg3 20. hxg3 Kf7 21. Ra1 Rb8 22. Ra7 Rh8 23. Qb3 Bd7 24. Qa2 Qg5 25. c5 Qh5 26. Rc1 Qh2+ 27. Kf1 Nxc5 28. Nxc7+ Kf8 29. Ra8 Rxa8 30. Qxa8+ Ke7 31. N3d5+ Kf7 32. Qa2 g5 33. Nf4+ Ke7 34. Ng6+ Kd8 35. b6 Rh6 36. Qa8+ Bc8 37. Ne6+ Kd7 38. Nxc5+ dxc5 39. Rxc5 Rxg6 40. Qxc8+ Ke7 41. Rc7+ 1-0


[Site "https://www.chess.com"]

[Event "Titled Tuesday Blitz March 21 Late 2023"]
[White "Timmermans, Mark"]
[Black "Hansen, Eric"]
[WhiteFideId "1026399"]
[BlackFideId "2606771"]
[WhiteElo "2460"]
[BlackElo "2569"]
[Result "0-1"]
[Round "06"]
[TimeControl "180+2"]
[Date "2023.03.21"]
[WhiteClock "0:00:03"]
[BlackClock "0:00:04"]

1. b4 e5 2. Bb2 Bxb4 3. Bxe5 Nf6 4. Nc3 c6 5. a3 Ba5 6. e3 d5 7. Nf3 Nbd7 8. Bg3 Bxc3 9. dxc3 Qa5 10. Qd4 c5 11. Qd3 Ne4 12. Rd1 O-O 13. Nd2 Qxc3 14. Qxd5 Ndf6 15. Qb3 Qa5 16. Bd3 Be6 17. Qxb7 Nxg3 18. hxg3 c4 19. Be2 Rab8 20. Qf3 Rb2 21. e4 Rxc2 22. Qe3 Rd8 23. e5 Ng4 24. Qe4 Rcxd2 25. Qxh7+ Kf8 26. O-O Rxd1 27. Qh8+ Ke7 28. Qh4+ f6 29. exf6+ Nxf6 30. Bxd1 Qc5 31. Re1 Kf7 32. Qf4 c3 33. Bc2 Rd2 34. Re5 Qd6 35. Bf5 Bxf5 36. Qxf5 c2 0-1


[Site "https://www.chess.com"]

[Event "Titled Tuesday Blitz March 21 Late 2023"]
[White "Grigoriants, Sergey"]
[Black "Melkumyan, Hrant"]
[WhiteFideId "4130804"]
[BlackFideId "13302485"]
[WhiteElo "2502"]
[BlackElo "2604"]
[Result "1-0"]
[Round "06"]
[TimeControl "180+2"]
[Date "2023.03.21"]
[WhiteClock "0:00:05"]
[BlackClock "0:00:01"]

1. d4 Nf6 2. c4 g6 3. f3 d6 4. e4 Bg7 5. Nc3 a6 6. Be3 O-O 7. Nge2 b5 8. cxb5 axb5 9. Nxb5 c6 10. Nbc3 Nbd7 11. Ng3 e5 12. Be2 d5 13. dxe5 Nxe5 14. O-O Re8 15. Qd2 h5 16. h4 Nh7 17. Bf2 d4 18. Rfd1 c5 19. Nd5 Be6 20. b4 Bxd5 21. exd5 cxb4 22. Bb5 Re7 23. Qxb4 Rb7 24. a4 Qxd5 25. Rac1 Nf8 26. Rxd4 Qe6 27. Re4 Qd5 28. Qc5 Rd8 29. Qxd5 Rxd5 30. Rce1 Ne6 31. f4 Nd3 32. Bc6 Rdd7 33. Bxd7 Rxd7 34. Rd1 Rd6 35. f5 1-0


[Site "https://www.chess.com"]

[Event "Titled Tuesday Blitz March 21 Late 2023"]
[White "Kuznetsov, Felix"]
[Black "Durarbayli, Vasif"]
[WhiteFideId "34147990"]
[BlackFideId "13402935"]
[WhiteElo "2235"]
[BlackElo "2543"]
[Result "1-0"]
[Round "06"]
[TimeControl "180+2"]
[Date "2023.03.21"]
[WhiteClock "0:00:06"]
[BlackClock "0:00:32"]

1. e4 c5 2. Nc3 d6 3. d4 cxd4 4. Qxd4 Nf6 5. b3 g6 6. Bb2 Bg7 7. O-O-O O-O 8. Kb1 Nc6 9. Qd2 a5 10. f3 Be6 11. Nge2 a4 12. Nxa4 Rxa4 13. bxa4 Qb6 14. a5 Nxa5 15. Qd4 Qa6 16. Nf4 Bc4 17. Nd5 Bxf1 18. Nxe7+ Kh8 19. Qxf6 Rg8 20. Rxd6 Nc6 21. Nxc6 h5 22. Ne7 Qb5 23. Nxg8 Bxf6 24. Nxf6 Kg7 25. Rd8 Bxg2 26. Rg1 Bxf3 27. Nxh5+ Kh6 28. Rh8# 1-0


[Site "https://www.chess.com"]

[Event "Titled Tuesday Blitz March 21 Late 2023"]
[White "Bilych, Olexiy"]
[Black "Ibarra Jerez, Jose Carlos"]
[WhiteFideId "14156504"]
[BlackFideId "2226332"]
[WhiteElo "2320"]
[BlackElo "2638"]
[Result "1/2-1/2"]
[Round "06"]
[TimeControl "180+2"]
[Date "2023.03.21"]
[WhiteClock "0:00:16"]
[BlackClock "0:00:08"]

1. d4 Nf6 2. c4 d6 3. Nf3 g6 4. Nc3 Bf5 5. Nh4 Bd7 6. Nf3 Bf5 7. g3 Ne4 8. Nxe4 Bxe4 9. Bg2 Bg7 10. O-O O-O 11. b3 c5 12. Bb2 Nc6 13. e3 d5 14. Qe2 dxc4 15. bxc4 Qb6 16. Rad1 Rfd8 17. Rfe1 Rac8 18. Ne5 Bxg2 19. Kxg2 Nxe5 20. dxe5 Qc6+ 21. Qf3 Qa6 22. e6 Bxb2 23. Qxf7+ Kh8 24. Rxd8+ Rxd8 25. Qxe7 Qc6+ 26. Kg1 Re8 27. Qf7 Qxe6 28. Qxb7 Bf6 29. Rd1 Re7 30. Qd5 Qxd5 31. Rxd5 Re5 32. Rd7 Re7 33. Rd8+ Kg7 34. Rc8 Re6 35. Rxc5 Ra6 36. Rc7+ Kh6 37. c5 Rxa2 38. c6 a5 39. Ra7 Rc2 40. Rxa5 Rxc6 41. h4 Kg7 42. Kg2 h5 43. Kf3 Re6 44. Rb5 Be7 45. Ra5 Bb4 46. Rb5 Be1 47. Ke2 Bc3 48. Rb7+ Kh6 49. Rb5 Bf6 50. Kf3 Be7 51. Kg2 Rf6 52. Ra5 Rc6 53. Re5 Bf6 54. Rd5 Rc2 55. Rd7 Rb2 56. Rf7 Bc3 57. Kf3 Be1 58. Kg2 g5 59. Rf6+ Kg7 60. hxg5 Rb5 61. f4 Rb2+ 62. Kh3 Re2 63. Re6 Bf2 64. f5 Be1 65. Re7+ Kf8 66. f6 Bc3 67. g4 hxg4+ 68. Kxg4 Rf2 69. e4 Bxf6 70. gxf6 Rxf6 71. Re5 Rb6 72. Kf5 Kf7 73. Rc5 Rf6+ 74. Ke5 Rh6 75. Rc7+ Ke8 76. Kd5 Rg6 77. Rc6 Rxc6 78. Kxc6 Ke7 79. Kd5 Kd7 80. e5 Ke7 81. e6 Ke8 82. Ke5 Ke7 83. Kd5 Ke8 84. Ke4 Ke7 85. Kf5 Ke8 86. Kf6 Kf8 87. e7+ Ke8 88. Ke6 1/2-1/2


[Site "https://www.chess.com"]

[Event "Titled Tuesday Blitz March 21 Late 2023"]
[White "Zhigalko, Sergei"]
[Black "Hamitevici, Vladimir"]
[WhiteFideId "13502956"]
[BlackFideId "13902393"]
[WhiteElo "2626"]
[BlackElo "2401"]
[Result "1-0"]
[Round "06"]
[TimeControl "180+2"]
[Date "2023.03.21"]
[WhiteClock "0:01:53"]
[BlackClock "0:02:16"]

1. e4 d6 2. d4 Nf6 3. Nc3 e5 4. Nf3 Nbd7 5. Bc4 Be7 6. O-O O-O 7. Re1 a6 8. a4 b6 9. h3 Bb7 10. d5 a5 11. Bb5 Nc5 12. Qe2 h6 13. Bd2 Nh7 14. Bc6 Bc8 15. Bxa8 1-0


[Site "https://www.chess.com"]

[Event "Titled Tuesday Blitz March 21 Late 2023"]
[White "Chigaev, Maksim"]
[Black "Korchmar, Vasiliy"]
[WhiteFideId "4108116"]
[BlackFideId "24131750"]
[WhiteElo "2547"]
[BlackElo "2370"]
[Result "0-1"]
[Round "06"]
[TimeControl "180+2"]
[Date "2023.03.21"]
[WhiteClock "0:00:03"]
[BlackClock "0:00:05"]

1. d4 d5 2. c4 c6 3. Nf3 Nf6 4. g3 g6 5. Bg2 Bg7 6. O-O O-O 7. Nc3 dxc4 8. e4 Bg4 9. h3 Bxf3 10. Bxf3 e5 11. dxe5 Nfd7 12. e6 fxe6 13. Bg2 Ne5 14. f4 Nd3 15. e5 g5 16. Qh5 gxf4 17. Be4 h6 18. Bxf4 Qe8 19. Bg6 Nxf4 20. Rxf4 Qe7 21. Rxf8+ Qxf8 22. Ne4 Nd7 23. Rf1 Qb4 24. Nf6+ Bxf6 25. Qxh6 Qe7 26. exf6 Nxf6 27. Qg5 Rf8 28. Bf5+ Kh8 29. Bc2 Qg7 30. Qh4+ Kg8 31. Kg2 b5 32. Rf2 a5 33. Re2 Nd5 34. Rxe6 Rf6 35. Re8+ Kf7 36. Re2 Nf4+ 37. Kh2 Nxe2 38. Qh5+ Kf8 39. Qxe2 Qe7 40. Qd2 Re6 41. Bd1 Re3 42. Qf2+ Ke8 43. Bg4 Qe5 44. h4 Ke7 45. Kh3 b4 46. h5 c3 47. bxc3 bxc3 48. h6 c2 49. h7 c1=Q 0-1


[Site "https://www.chess.com"]

[Event "Titled Tuesday Blitz March 21 Late 2023"]
[White "Li, Ruifeng"]
[Black "Turayev, Shahruh"]
[WhiteFideId "2061074"]
[BlackFideId "14003856"]
[WhiteElo "2441"]
[BlackElo "2171"]
[Result "1-0"]
[Round "06"]
[TimeControl "180+2"]
[Date "2023.03.21"]
[WhiteClock "0:00:20"]
[BlackClock "0:00:04"]

1. b3 e5 2. Bb2 Nc6 3. e3 Nf6 4. Nf3 Bd6 5. d4 e4 6. Nfd2 O-O 7. c4 Re8 8. Nc3 Bf8 9. a3 d6 10. Be2 Bf5 11. g4 Bg6 12. g5 Nd7 13. h4 f5 14. b4 Ne7 15. Qb3 c6 16. h5 Bf7 17. g6 hxg6 18. hxg6 Nxg6 19. O-O-O b5 20. Rdg1 Qf6 21. d5 bxc4 22. Bxc4 Nde5 23. dxc6 Nxc4 24. Nxc4 d5 25. Na5 d4 26. Nd5 Qe6 27. Bxd4 Ne5 28. Nc7 Qxb3 29. Nxb3 Bxb3 30. Bxe5 Rxe5 31. Nxa8 Re8 32. Kb2 Bf7 33. Nc7 Rc8 34. Nb5 Rxc6 35. Nd4 Rf6 36. Rc1 f4 37. Rc6 fxe3 38. Rxf6 gxf6 39. fxe3 Bc4 40. Kc3 Bd3 41. Nf5 Kf7 42. Rh8 a5 43. Nd4 axb4+ 44. axb4 Bd6 45. b5 f5 46. b6 f4 47. exf4 Bxf4 48. b7 Kg6 49. b8=Q Bxb8 50. Rxb8 Kg5 51. Re8 Kf4 52. Re7 Bf1 53. Nc2 Bd3 54. Kd2 Kf3 55. Ne3 Bb5 56. Rf7+ Kg3 57. Rf6 Bd3 58. Kc3 Bb1 59. Kd4 Bd3 60. Nd5 Bb1 61. Nc3 Bd3 62. Nxe4+ Bxe4 63. Kxe4 1-0


[Site "https://www.chess.com"]

[Event "Titled Tuesday Blitz March 21 Late 2023"]
[White "Astafurov, Arseniy"]
[Black "Rustemov, Alexander"]
[WhiteFideId "24175218"]
[BlackFideId "4119002"]
[WhiteElo "2163"]
[BlackElo "2857"]
[Result "0-1"]
[Round "06"]
[TimeControl "180+2"]
[Date "2023.03.21"]
[WhiteClock "0:00:05"]
[BlackClock "0:01:59"]

1. c4 g6 2. Nc3 c5 3. Nf3 Bg7 4. e3 Nf6 5. d4 cxd4 6. exd4 d5 7. Qb3 dxc4 8. Bxc4 O-O 9. O-O Nc6 10. Ne5 Na5 11. Nxf7 Qxd4 12. Nh6+ Kh8 13. Qb4 Nxc4 14. b3 Ng8 15. Nxg8 Qxc3 16. Qxc3 Bxc3 17. Rb1 Bf5 18. bxc4 Bxb1 19. Nxe7 0-1


[Site "https://www.chess.com"]

[Event "Titled Tuesday Blitz March 21 Late 2023"]
[White "Rostovtsev, Dmitry"]
[Black "Tregubov, Pavel V."]
[WhiteFideId "34278320"]
[BlackFideId "4115341"]
[WhiteElo "2280"]
[BlackElo "2425"]
[Result "0-1"]
[Round "06"]
[TimeControl "180+2"]
[Date "2023.03.21"]
[WhiteClock "0:00:12"]
[BlackClock "0:00:31"]

1. e4 c5 2. Nf3 e6 3. g3 d5 4. exd5 exd5 5. Bg2 Qe7+ 6. Kf1 Nf6 7. d4 Nc6 8. Nc3 h6 9. Bf4 a6 10. Qd3 Be6 11. Re1 c4 12. Qd2 Qb4 13. Ne5 O-O-O 14. h3 Qxb2 15. Rb1 Qa3 16. Nxc6 bxc6 17. Rb8+ Kd7 18. Rb7+ Ke8 19. Kg1 Bb4 20. Nb1 Bxd2 21. Nxa3 Bxf4 22. gxf4 Rd7 23. Rb8+ Rd8 24. Rb7 Nd7 25. Kh2 Ke7 26. Re1 Kd6 27. c3 Rb8 28. Ra7 Ra8 29. Rxa8 Rxa8 30. Nc2 Rb8 31. Ne3 g6 32. Kg3 Rb2 33. Ra1 Nf6 34. Bf3 h5 35. h4 a5 36. Bd1 Ne4+ 37. Kf3 Rxf2# 0-1


[Site "https://www.chess.com"]

[Event "Titled Tuesday Blitz March 21 Late 2023"]
[White "Galaktionov, Artem"]
[Black "Mazurkiewicz, Michal"]
[WhiteFideId "24175471"]
[BlackFideId "1124943"]
[WhiteElo "2340"]
[BlackElo "2054"]
[Result "1/2-1/2"]
[Round "06"]
[TimeControl "180+2"]
[Date "2023.03.21"]
[WhiteClock "0:00:30"]
[BlackClock "0:00:09"]

1. d4 Nf6 2. Nf3 g6 3. c4 Bg7 4. Nc3 O-O 5. e4 d6 6. Be2 c5 7. d5 e6 8. O-O exd5 9. cxd5 Re8 10. Nd2 Na6 11. h3 Nc7 12. a4 b6 13. Re1 Rb8 14. Bf1 a6 15. Nc4 b5 16. axb5 axb5 17. Na5 Bd7 18. f3 b4 19. Ne2 Nb5 20. Bf4 Nh5 21. Nc4 Nxf4 22. Nxf4 Qh4 23. Nd3 Qg3 24. Kh1 Nd4 25. Qd2 Nb3 26. Qf2 Qxf2 27. Nxf2 Nxa1 28. Rxa1 Ra8 29. Rb1 Bf8 30. Bd3 Bb5 31. Rc1 Bxc4 32. Bxc4 Bg7 33. Nd3 Ra5 34. Re1 Rea8 35. Kh2 Ra1 36. Re2 Rd1 37. f4 Re8 38. e5 dxe5 39. fxe5 Rxd3 40. Bxd3 Rxe5 41. b3 Rxd5 42. Bc4 Re5 43. Rf2 Re7 44. Ra2 Be5+ 45. Kg1 Bd4+ 46. Kf1 Kg7 47. Ra6 f5 48. Re6 Rxe6 49. Bxe6 Kf6 50. Bc4 h5 51. Ke2 g5 52. g3 g4 53. hxg4 fxg4 54. Kf1 Kg5 55. Kg2 h4 56. gxh4+ Kxh4 57. Bd5 Kg5 58. Bc4 Kf4 59. Bb5 Be5 60. Bc4 Ke3 61. Be6 g3 62. Bc4 Kd4 63. Bb5 Kc3 64. Bc4 Kb2 65. Bd5 Kc3 66. Bc4 Kd4 67. Be6 c4 68. Bxc4 Kc3 69. Be6 Kd4 70. Bc4 Kc3 71. Be6 Kd4 72. Bc4 1/2-1/2


[Site "https://www.chess.com"]

[Event "Titled Tuesday Blitz March 21 Late 2023"]
[White "Kobo, Ori"]
[Black "Jovic, Stanoje"]
[WhiteFideId "2812320"]
[BlackFideId "905020"]
[WhiteElo "2447"]
[BlackElo "2236"]
[Result "1/2-1/2"]
[Round "06"]
[TimeControl "180+2"]
[Date "2023.03.21"]
[WhiteClock "0:00:04"]
[BlackClock "0:00:05"]

1. e4 c6 2. Nf3 d5 3. e5 Bg4 4. Be2 e6 5. O-O Nd7 6. d4 c5 7. c4 dxc4 8. d5 Bxf3 9. Bxf3 Nxe5 10. dxe6 Qxd1 11. exf7+ Kxf7 12. Rxd1 Nxf3+ 13. gxf3 Nf6 14. Na3 c3 15. bxc3 Be7 16. Nc4 Rad8 17. Re1 Bd6 18. Bg5 b5 19. Ne5+ Bxe5 20. Rxe5 Rc8 21. Rb1 a6 22. a4 bxa4 23. Rb7+ Kg6 24. Be3 h6 25. Bxc5 Rhe8 26. Rxe8 Rxe8 27. Rb4 Re1+ 28. Kg2 Ra1 29. Rb6 a3 30. Rxa6 a2 31. Bd4 Kf5 32. c4 Rd1 33. Bxf6 gxf6 34. Rxa2 Rc1 35. Ra5+ Kf4 36. Rc5 f5 37. Rc8 h5 38. h4 Rc3 39. c5 Rxf3 40. Rh8 Rc3 41. Rxh5 Rxc5 42. Rg5 Rc3 43. Rg3 Rc6 44. Kh3 Rc1 45. Kg2 Rc6 46. Rg8 Ra6 47. Rg7 Rb6 48. Kh3 Rb3+ 49. Kg2 Rb6 50. Rg5 Ra6 51. Rg3 Rb6 52. Kf1 Rb1+ 53. Kg2 Rb6 54. h5 Rh6 55. Rh3 Kg4 56. f3+ Kg5 57. Kg3 f4+ 58. Kg2 Rxh5 59. Rxh5+ Kxh5 60. Kf2 Kh4 61. Kg2 Kg5 62. Kh3 Kh5 63. Kh2 Kg6 64. Kg2 Kf5 65. Kh3 Kg5 66. Kh2 Kh4 67. Kg2 Kh5 68. Kh2 Kh4 69. Kg2 1/2-1/2


[Site "https://www.chess.com"]